[Event "Early-Titled-Tuesday-Blitz-February-06-2024"]
[Site "Chess.com"]
[Date "2024.02.06"]
[Round "1"]
[White "disciplinedbrat"]
[Black "HajiyevKanan"]
[Result "1-0"]
[WhiteElo "2291"]
[BlackElo "2595"]
[TimeControl "180+1"]
[EndTime "8:05:43 PST"]
[Termination "disciplinedbrat won by checkmate"]

1. d4 d5 2. Nf3 c5 3. e3 cxd4 4. exd4 Nc6 5. Bd3 Bg4 6. c3 e6 7. O-O Bd6 8. h3 Bh5 9. Re1 Nf6 10. Bg5 Qc8 11. Nbd2 O-O 12. Qe2 Qc7 13. Qe3 Ne7 14. Ne5 Bg6 15. Bxg6 Nxg6 16. Bxf6 gxf6 17.
Ng4 f5 18. Nf6+ Kg7 19. Nh5+ Kh8 20. Qh6 Rg8 21. Nf6 Rg7 22. Nh5 Rag8 23. Nxg7 Rxg7 24.
Nf3 Nf4 25. Ng5 Qe7 26. h4 Rg6 27. Qxh7# 1-0

[Event "Early-Titled-Tuesday-Blitz-February-06-2024"]
[Site "Chess.com"]
[Date "2024.02.06"]
[Round "1"]
[White "Roman_Ovetchkin"]
[Black "GrotBchess"]
[Result "0-1"]
[WhiteElo "2653"]
[BlackElo "2366"]
[TimeControl "180+1"]
[EndTime "8:05:44 PST"]
[Termination "GrotBchess won on time"]

1. d4 Nf6 2. c4 g6 3. Nc3 Bg7 4.
e4 d6 5. Be2 Nc6 6. Nf3 e5 7.
d5 Ne7 8. h3 O-O 9. g4 a5 10. Rg1 Nd7 11. h4 Nc5 12. h5 Bd7 13. Be3 b6 14. Rg3 Qc8 15. Nd2 Bf6 16. Kf1 Bh4 17. Rh3 Bf6 18. Kg2 Bg7 19. Rg3 Kh8 20. h6 Bf6 21. g5 Ng8 22. gxf6 Nxf6 23. Qh1 Ne8 24. Qh4 f5 25. f4 exf4 26. Bd4+ Kg8 27.
Rxg6+ hxg6 0-1

[Event "Early-Titled-Tuesday-Blitz-February-06-2024"]
[Site "Chess.com"]
[Date "2024.02.06"]
[Round "1"]
[White "Squirlolz"]
[Black "JaackCamel"]
[Result "1-0"]
[WhiteElo "2565"]
[BlackElo "2153"]
[TimeControl "180+1"]
[EndTime "8:05:46 PST"]
[Termination "Squirlolz won by resignation"]

1. e4 e6 2. d3 d5 3. Nd2 c5 4.
g3 Nc6 5. Bg2 Nf6 6. f4 g6 7. e5 Nd7 8. h4 h5 9. c4 Nb6 10. Ngf3 Be7 11. O-O a5 12. a3 a4 13. Qc2 Bd7 14. Nb1 Na5 15. Nfd2 Bc6 16. Nc3 Qd7 17. cxd5 exd5 18. Kh2 Qc7 19. d4 c4 20. f5 Nb3 21. Nxb3 axb3 22. Qf2 O-O-O 23. f6 Bf8 24. Bf4 Bh6 25. a4 Bxf4 26. Qxf4 Qd7 27.
a5 Na8 28. Bh3 1-0

[Event "Early-Titled-Tuesday-Blitz-February-06-2024"]
[Site "Chess.com"]
[Date "2024.02.06"]
[Round "1"]
[White "GMaka"]
[Black "DenLaz"]
[Result "0-1"]
[WhiteElo "2525"]
[BlackElo "3065"]
[TimeControl "180+1"]
[EndTime "8:05:47 PST"]
[Termination "DenLaz won by checkmate"]

1. d4 f5 2. c4 Nf6 3. Nc3 d6 4. g3 g6 5. h4 Bg7 6. Bg2 O-O 7.
Nh3 c6 8. d5 e5 9. dxe6 Bxe6 10.
Qd3 Na6 11. Ng5 Nc5 12. Qd4 Nfe4 13. Qe3 Nxg5 14. hxg5 Bxc4 15. Qf4 d5 16. Qh4 Kf7 17. Bd2 b5 18. Be3 Ne6 19. Rd1 Qa5 20. Bd2 b4 21.
Nb1 Qxa2 22. Bxb4 Qxb2 23. Bxf8 Qxe2# 0-1

[Event "Early-Titled-Tuesday-Blitz-February-06-2024"]
[Site "Chess.com"]
[Date "2024.02.06"]
[Round "1"]
[White "Nouali_Mohamed"]
[Black "stratacticos"]
[Result "1-0"]
[WhiteElo "2551"]
[BlackElo "2045"]
[TimeControl "180+1"]
[EndTime "8:05:47 PST"]
[Termination "Nouali_Mohamed won by resignation"]

1. e4 c5 2. Nf3 Nc6 3. d4 cxd4 4. Nxd4 Nf6 5. Nc3 e5 6. Ndb5 d6 7. Bg5 a6 8. Na3 b5 9. Nd5 Qa5+ 10. Bd2 Qd8 11.
Be3 Rb8 12. Nxf6+ Qxf6 13. c3 Be7 14. Nc2 O-O 15. Be2 Qg6 16. O-O Be6 17. Bh5 Qf6 18.
Qd2 h6 19. f4 exf4 20. Bxf4 Bc4 21. Rf2 Qe6 22. b3 Ne5 23. Nd4 Qc8 24. bxc4 Nxc4 25. Qe2 Bg5 26. Nf5 Bxf4 27. Rxf4 Qe6 28. Qg4 g6 29.
Bxg6 fxg6 30. Nxh6+ 1-0

[Event "Early-Titled-Tuesday-Blitz-February-06-2024"]
[Site "Chess.com"]
[Date "2024.02.06"]
[Round "1"]
[White "mitrabhaa"]
[Black "bitter-cikolata"]
[Result "1-0"]
[WhiteElo "2912"]
[BlackElo "2497"]
[TimeControl "180+1"]
[EndTime "8:05:48 PST"]
[Termination "mitrabhaa won by resignation"]

1. d4 Nf6 2. Bg5 Ne4 3. Bf4 d5 4. e3 g6 5. Bd3 Nd6 6. Nf3 Bg7 7. O-O O-O 8. Be5 c6 9. Bxg7 Kxg7 10. Nbd2 Bf5 11. Bxf5 gxf5 12. c4 e6 13. Rc1 Nd7 14. Qb3 Rb8 15. Qa3 Ne4 16. Qxa7 Kh8 17. Qa3 Rg8 18. g3 Qf6 19. Nxe4 fxe4 20. Nd2 h5 21. Qd6 Nb6 22. cxd5 Nxd5 23. Nxe4 Qf3 24. Nd2 Qe2 25. Nc4 h4 26. Qe5+ Kh7 27. Qe4+ Rg6 28. Ne5 f5 29. Qf3 Qxf3 30. Nxf3 hxg3 31. hxg3 Ra8 32. a3 Kg7 33. Kg2 Kf6 34. Ne5 Rg7 35. Rh1 Rag8 36. Kf3 Ke7 37. Rh6 Kd6 38. Rch1 Rf8 39. Rh7 Rxh7 40. Rxh7 Nf6 41. Rxb7 1-0

[Event "Early-Titled-Tuesday-Blitz-February-06-2024"]
[Site "Chess.com"]
[Date "2024.02.06"]
[Round "1"]
[White "jeetjain"]
[Black "MagnusCarlsen"]
[Result "0-1"]
[WhiteElo "2533"]
[BlackElo "3339"]
[TimeControl "180+1"]
[EndTime "8:05:49 PST"]
[Termination "MagnusCarlsen won by resignation"]

1. e4 Nf6 2. Nc3 c5 3. Nf3 a6 4.
e5 Ng4 5. h3 Nh6 6. d4 cxd4 7.
Nxd4 e6 8. Bxh6 gxh6 9. Qd2 Bg7 10. f4 d6 11. exd6 Qh4+ 12. Kd1 O-O 13. Nf3 Qf6 14. Bc4 b5 15. Bb3 Bb7 16. Ke2 Nd7 17. Rhe1 Rac8 18. Kf2 Nc5 19. Ne5 Rfd8 20. Rad1 b4 21.
Na4 Ne4+ 22. Rxe4 Bxe4 23. Nb6 Rxd6 24. Qxd6 Qxf4+ 25. Ke2 Bxe5 26. Qd7 Rf8 27. Rf1 Qg5 28.
Rf2 Bg6 29. Qd2 Qxd2+ 30. Kxd2 Bd4 31. Rf4 Bxb6 32. Rxb4 Ba5 0-1

[Event "Early-Titled-Tuesday-Blitz-February-06-2024"]
[Site "Chess.com"]
[Date "2024.02.06"]
[Round "1"]
[White "Yerlan-Ra"]
[Black "vladislavkovalev"]
[Result "0-1"]
[WhiteElo "2478"]
[BlackElo "2876"]
[TimeControl "180+1"]
[EndTime "8:05:49 PST"]
[Termination "vladislavkovalev won by resignation"]

1. e4 e5 2. Nf3 Nc6 3. Bb5 a6 4. Ba4 Nf6 5. d3 d6 6. O-O g6 7.
c3 Bg7 8. Bg5 O-O 9. Nbd2 h6 10.
Bh4 Bd7 11. b4 Qe8 12. Bb3 Kh7 13. a4 Nh5 14. b5 Nd8 15. Bxd8 Qxd8 16. Bd5 axb5 17.
axb5 Rxa1 18. Qxa1 Bxb5 19. Rb1 c6 20. c4 cxd5 21.
Rxb5 dxe4 22. Nxe4 Qc7 23. Nc3 Nf4 24. Qd1 Ra8 25.
g3 Ne6 26. Nd5 Qc6 27. Qb3 Nc5 28. Qb1 e4 29. Ne1 Ra1 30. Qxa1 Bxa1 31. dxe4 Nxe4 32. Ne3 Bd4 33. N1c2 Bc5 34. Rb1 Nd2 35. Rd1 Nf3+ 36.
Kg2 Nd4+ 37. Kg1 Nxc2 38. Nxc2 Qe4 0-1

[Event "Early-Titled-Tuesday-Blitz-February-06-2024"]
[Site "Chess.com"]
[Date "2024.02.06"]
[Round "1"]
[White "amintabatabaei"]
[Black "Omranalhosani21"]
[Result "1-0"]
[WhiteElo "2960"]
[BlackElo "2504"]
[TimeControl "180+1"]
[EndTime "8:05:50 PST"]
[Termination "amintabatabaei won by resignation"]

1. Nf3 d5 2. g3 Nc6 3. d4 Bg4 4. Bg2 Qd7 5. c3 Bh3 6. O-O f6 7. b4 O-O-O 8. Qa4 Bxg2 9. Kxg2 b6 10.
Nbd2 Kb8 11. Nb3 e6 12. Rb1 Ne5 13. Qa6 Nc4 14. Nfd2 Qc6 15. b5 Qb7 16. Qxb7+ Kxb7 17. Nxc4 dxc4 18. Nd2 c6 19. bxc6+ Kxc6 20. Nxc4 Ne7 21. e4 Nc8 22. a4 Nd6 23. Nxd6 Bxd6 24. Be3 Kb7 25.
c4 Bc7 26. a5 Ka6 27. axb6 axb6 28. Rb3 Ra8 29. Rfb1 Rhb8 30. d5 exd5 31. cxd5 b5 32. Ra1+ Ba5 33. Rba3 b4 34. Rxa5+ 1-0

[Event "Early-Titled-Tuesday-Blitz-February-06-2024"]
[Site "Chess.com"]
[Date "2024.02.06"]
[Round "1"]
[White "B_nn_t"]
[Black "PepeCuenca"]
[Result "0-1"]
[WhiteElo "2388"]
[BlackElo "2712"]
[TimeControl "180+1"]
[EndTime "8:05:51 PST"]
[Termination "PepeCuenca won by resignation"]

1. Nf3 Nf6 2. c4 g6 3. e3 Bg7 4. Nc3 c5 5. b3 O-O 6. Bb2 Nc6 7. Be2 b6 8. O-O Bb7 9. d4 cxd4 10. Nxd4 Nxd4 11.
exd4 d5 12. Bf3 Rc8 13. Qe2 Re8 14. Rac1 Qd7 15. Rfd1 e6 16. h3 Bh6 17. Rc2 Ba6 18. Qe5 Bg7 19. Be2 dxc4 20. bxc4 Bxc4 21. Bxc4 Rxc4 22. Qe2 Rec8 23. Qf3 Nd5 24. Nxd5 Rxc2 0-1

[Event "Early-Titled-Tuesday-Blitz-February-06-2024"]
[Site "Chess.com"]
[Date "2024.02.06"]
[Round "1"]
[White "SahibSinghKnight"]
[Black "Willi_Skibbe"]
[Result "1-0"]
[WhiteElo "2651"]
[BlackElo "2329"]
[TimeControl "180+1"]
[EndTime "8:05:51 PST"]
[Termination "SahibSinghKnight won by resignation"]

1. e4 e6 2. d4 d5 3. Nd2 c5 4.
exd5 Qxd5 5. Ngf3 cxd4 6. Bc4 Qd6 7. O-O Nf6 8. Nb3 Nc6 9. Nbxd4 Nxd4 10. Nxd4 a6 11.
Re1 Be7 12. a4 Qc7 13. b3 O-O 14. Qf3 Rd8 15. Bf4 Bd6 16. Bxd6 Rxd6 17. Rad1 Bd7 18. Qg3 Rc6 19. Nxc6 Qxc6 20. Qd6 Qxd6 21. Rxd6 Bc6 22.
Red1 g6 23. Rd8+ Rxd8 24. Rxd8+ Kg7 25. Rc8 Ne4 26. Bxa6 Nd6 27. Rd8 Nf5 28. Bb5 Be4 29. Bd3 Bc6 30. Bxf5 gxf5 31. a5 Kf6 32. c4 1-0

[Event "Early-Titled-Tuesday-Blitz-February-06-2024"]
[Site "Chess.com"]
[Date "2024.02.06"]
[Round "1"]
[White "SouS007"]
[Black "Msb2"]
[Result "0-1"]
[WhiteElo "2511"]
[BlackElo "3004"]
[TimeControl "180+1"]
[EndTime "8:05:52 PST"]
[Termination "Msb2 won by resignation"]

1. e4 e6 2. d4 d5 3. Nc3 Nf6 4. e5 Nfd7 5. Nce2 c5 6. c3 Nc6 7. Nf3 Be7 8. a3 O-O 9. Nf4 Qa5 10. Bd3 Nxd4 11. Nxd4 cxd4 12. b4 Qc7 13. cxd4 Qc3+ 14. Bd2 Qxd4 15. O-O Qxe5 16. Re1 Qd6 17. Nh5 e5 18.
Qg4 g6 19. Ng3 Nf6 20. Qe2 e4 21. Bc3 d4 22. Nxe4 Nxe4 23. Qxe4 dxc3 24. Qxe7 Qxd3 25.
Rad1 Qc4 26. Rd8 Rxd8 27. Qxd8+ Kg7 28. Re8 c2 29. Rg8+ Kh6 30. Qd2+ Kh5 31. Qc1 Qd3 32.
g4+ Bxg4 33. Qf4 Qd1+ 34. Kg2 Qf3+ 35. Qxf3 Bxf3+ 36. Kg3 Rxg8 0-1

[Event "Early-Titled-Tuesday-Blitz-February-06-2024"]
[Site "Chess.com"]
[Date "2024.02.06"]
[Round "1"]
[White "Vladimir_Zakhartsov"]
[Black "Atousa"]
[Result "1-0"]
[WhiteElo "2836"]
[BlackElo "2458"]
[TimeControl "180+1"]
[EndTime "8:05:55 PST"]
[Termination "Vladimir_Zakhartsov won by resignation"]

1. d4 Nf6 2. c4 e6 3. Nf3 d5 4. g3 dxc4 5. Bg2 Nc6 6. Qa4 Bb4+ 7.
Bd2 Nd5 8. Bxb4 Nxb4 9. O-O O-O 10. a3 b5 11. Qxb5 Rb8 12. Qa4 Bd7 13. axb4 Nxd4 14. Qd1 Nb3 15. Rxa7 Rxb4 16. Ne5 Bb5 17. Qxd8 Rxd8 18.
Rxc7 f6 19. Nf3 Na5 20. Nc3 Be8 21. Ra1 Nc6 22. Rb1 Rdb8 23. Nd2 Rxb2 24. Rxb2 Rxb2 25. Bxc6 Bxc6 26. Nxc4 Rc2 27. Rxc6 Rxc3 28. Rc8+ 1-0

[Event "Early-Titled-Tuesday-Blitz-February-06-2024"]
[Site "Chess.com"]
[Date "2024.02.06"]
[Round "1"]
[White "Irina_Mikhaylova"]
[Black "Hasangatin_Ramil"]
[Result "0-1"]
[WhiteElo "2342"]
[BlackElo "2665"]
[TimeControl "180+1"]
[EndTime "8:05:55 PST"]
[Termination "Hasangatin_Ramil won by resignation"]

1. d4 d6 2. Nf3 Bg4 3. c4 Bxf3 4. exf3 c6 5. d5 g6 6. Nc3 Bg7 7. Bd3 Nf6 8. O-O cxd5 9. cxd5 O-O 10. Re1 Nbd7 11.
Bg5 Re8 12. Re3 a6 13. Qe2 b5 14. a3 Nb6 15. Be4 Nc4 16. Rd3 Rc8 17. Re1 Qc7 18. Bc1 Ne5 19. Rdd1 Qc4 20. Bd3 Qc5 21. f4 Nxd3 22.
Qxd3 Qc4 23. g3 Qxd3 24. Rxd3 Kf8 25. Be3 Rc4 26. Bd4 Rec8 27. Red1 Nd7 28. Bxg7+ Kxg7 29.
Re3 Kf8 30. Rde1 Re8 31. Re4 Nb6 32. Rxc4 Nxc4 33. Re2 Rc8 34. Ne4 Nb6 35. Rd2 Rc4 36. f3 h6 37. Kf2 Ke8 38. g4 Kd7 39. Ke2 Rc8 40. Kd1 Nc4 41. Rc2 Ne3+ 0-1

[Event "Early-Titled-Tuesday-Blitz-February-06-2024"]
[Site "Chess.com"]
[Date "2024.02.06"]
[Round "1"]
[White "HalfIsCrayfish"]
[Black "hmatyi07"]
[Result "1-0"]
[WhiteElo "2583"]
[BlackElo "2196"]
[TimeControl "180+1"]
[EndTime "8:05:55 PST"]
[Termination "HalfIsCrayfish won by resignation"]

1. Nc3 c5 2. e4 e6 3. d4 cxd4 4.
Qxd4 Nc6 5. Qd3 d5 6. exd5 exd5 7. Qxd5 Bd6 8. Bg5 f6 9. Bc4 Ne5 10. Bb5+ Ke7 11. Be3 a6 12. Ba4 Rb8 13. Bb3 Nh6 14. O-O-O Nf5 15. Nf3 Nxe3 16. fxe3 Qb6 17. Nxe5 fxe5 18.
Qf7+ Kd8 19. Ne4 Qxe3+ 20. Kb1 1-0

[Event "Early-Titled-Tuesday-Blitz-February-06-2024"]
[Site "Chess.com"]
[Date "2024.02.06"]
[Round "1"]
[White "falzehope0"]
[Black "traviscottofficial"]
[Result "0-1"]
[WhiteElo "2384"]
[BlackElo "2703"]
[TimeControl "180+1"]
[EndTime "8:05:56 PST"]
[Termination "traviscottofficial won by checkmate"]

1. d4 Nf6 2. e3 g6 3. Bd3 Bg7 4.
f4 O-O 5. f5 d5 6. fxg6 hxg6 7.
Nf3 c5 8. c3 Nc6 9. O-O Qc7 10.
h3 e5 11. Ng5 e4 12. Bb5 Qg3 13. Nxf7 Rxf7 14. Qe1 Qg5 15. Kh1 Bd7 16. dxc5 Raf8 17. Rg1 Ng4 18. Be2 Nf2+ 19. Kh2 Be5+ 20. g3 Nxh3 21. Rg2 Rf2 22. Kh1 Rxg2 23. Kxg2 Rf2+ 24. Qxf2 Nxf2 25. Kxf2 Qxg3+ 26. Kf1 Bh3# 0-1

[Event "Early-Titled-Tuesday-Blitz-February-06-2024"]
[Site "Chess.com"]
[Date "2024.02.06"]
[Round "1"]
[White "viktorskliarov"]
[Black "cukricek"]
[Result "1-0"]
[WhiteElo "2633"]
[BlackElo "2307"]
[TimeControl "180+1"]
[EndTime "8:05:56 PST"]
[Termination "viktorskliarov won by resignation"]

1. e4 c5 2. Nf3 g6 3. c3 d5 4. exd5 Qxd5 5. Na3 Bg7 6. Nc4 Nc6 7. a4 Nf6 8. Be2 O-O 9. O-O Rd8 10. a5 Be6 11. d3 Bf5 12. Ne3 Qd7 13. Nxf5 Qxf5 14. Qa4 Rac8 15.
Rd1 Nd5 16. Bf1 e5 17. Qe4 Qe6 18. g3 f5 19. Qh4 Bf6 20. Bg5 Bxg5 21. Qxh7+ Kxh7 22.
Nxg5+ Kg8 23. Nxe6 Re8 24. Nxc5 Rc7 25. Bg2 Nf6 26.
Nxb7 1-0

[Event "Early-Titled-Tuesday-Blitz-February-06-2024"]
[Site "Chess.com"]
[Date "2024.02.06"]
[Round "1"]
[White "SabinaFoisor"]
[Black "TregubovP"]
[Result "0-1"]
[WhiteElo "2371"]
[BlackElo "2688"]
[TimeControl "180+1"]
[EndTime "8:05:58 PST"]
[Termination "TregubovP won by checkmate"]

1. d4 Nf6 2. c4 c5 3. d5 b5 4. Qc2 b4 5. Nf3 d6 6. e4 g6 7. Bd3 Bg7 8. O-O Nbd7 9. h3 O-O 10. Bf4 a5 11. Nbd2 Nh5 12. Bh2 Bh6 13. Rae1 Nf4 14.
Bxf4 Bxf4 15. Re2 Ne5 16. Nxe5 Bxe5 17. f4 Bg7 18. e5 a4 19. e6 fxe6 20. dxe6 Rf6 21.
f5 gxf5 22. Bxf5 Qf8 23. Bxh7+ Kh8 24. Rxf6 Qxf6 25. Ne4 Qd4+ 26. Kh1 b3 27. axb3 axb3 28. Qxb3 Ra1+ 29. Kh2 Be5+ 30. Ng3 Qg1# 0-1

[Event "Early-Titled-Tuesday-Blitz-February-06-2024"]
[Site "Chess.com"]
[Date "2024.02.06"]
[Round "1"]
[White "patzersame"]
[Black "aghasiyevkamal"]
[Result "0-1"]
[WhiteElo "2367"]
[BlackElo "2680"]
[TimeControl "180+1"]
[EndTime "8:05:58 PST"]
[Termination "aghasiyevkamal won on time"]

1. e4 e5 2. Nf3 Nc6 3. d4 exd4 4. c3 d5 5. exd5 Qxd5 6. cxd4 Bb4+ 7. Nc3 Bg4 8. Be2 Bxf3 9. Bxf3 Qc4 10. Qb3 Qxb3 11. axb3 Nge7 12. O-O a6 13. Bf4 O-O-O 14. Ne2 Rhe8 15.
Rac1 f6 16. Rfd1 Nd5 0-1

[Event "Early-Titled-Tuesday-Blitz-February-06-2024"]
[Site "Chess.com"]
[Date "2024.02.06"]
[Round "1"]
[White "Chessdreamer2020"]
[Black "SpongeBob_03"]
[Result "0-1"]
[WhiteElo "2555"]
[BlackElo "2201"]
[TimeControl "180+1"]
[EndTime "8:06:01 PST"]
[Termination "SpongeBob_03 won by resignation"]

1. e4 c5 2. Nf3 a6 3. g3 b5 4. Bg2 Bb7 5. d3 e6 6. O-O Ne7 7. Re1 d6 8. b3 Nd7 9. Bb2 e5 10. a4 b4 11. Nbd2 Nb6 12. a5 Nbc8 13. Nc4 Na7 14. Nh4 g6 15. f4 Bg7 16. fxe5 dxe5 17.
Nxe5 Nb5 18. Nhf3 O-O 19. Rf1 Qc7 20. Nc4 Bxb2 21. Nxb2 Nc3 22. Qd2 Rad8 23. Qh6 f6 24. Nc4 Nc6 25. Bh3 Ne2+ 26. Kh1 Ncd4 27. Nxd4 Nxd4 28.
Bg2 Nxc2 29. Rad1 Qg7 30. Qf4 Nd4 31. Rb1 f5 32. e5 Bxg2+ 33. Kxg2 Qb7+ 34. Kg1 Ne2+ 35. Kf2 Nxf4 36. gxf4 Rxd3 37. Nd6 Qf3+ 38. Kg1 Qg4+ 39.
Kh1 Rd2 0-1

[Event "Early-Titled-Tuesday-Blitz-February-06-2024"]
[Site "Chess.com"]
[Date "2024.02.06"]
[Round "1"]
[White "MasterKroket"]
[Black "Bauman_Guy"]
[Result "1-0"]
[WhiteElo "2485"]
[BlackElo "2846"]
[TimeControl "180+1"]
[EndTime "8:06:03 PST"]
[Termination "MasterKroket won by resignation"]

1. e4 c5 2. Nf3 d6 3. d4 Nf6 4. Nc3 cxd4 5. Nxd4 a6 6. Be3 e5 7. Nb3 Be6 8. f3 h5 9. Qd2 Nbd7 10. O-O-O Be7 11. Nd5 Bxd5 12. exd5 Rc8 13. Kb1 Nb6 14.
Bxb6 Qxb6 15. c4 O-O 16. Bd3 Nd7 17. g4 h4 18. Qe2 Rfe8 19. Nd2 Nc5 20. Bc2 e4 21. Nxe4 Nxe4 22. Qxe4 g6 23. Qd4 Qc7 24. Bd3 Bf8 25. g5 Bg7 26. Qxh4 Qb6 27. Rd2 Re3 28. Qg4 Rc7 29. Be4 Rxc4 30. Qd7 Qb4 31.
Rhd1 Be5 32. Bxg6 f6 33. Qf7+ 1-0

[Event "Early-Titled-Tuesday-Blitz-February-06-2024"]
[Site "Chess.com"]
[Date "2024.02.06"]
[Round "1"]
[White "Iball95"]
[Black "Savagelittlemole"]
[Result "1-0"]
[WhiteElo "2929"]
[BlackElo "2499"]
[TimeControl "180+1"]
[EndTime "8:06:04 PST"]
[Termination "Iball95 won on time"]

1. e4 c5 2. Nf3 d6 3. Nc3 Nf6 4. d4 cxd4 5. Qxd4 a6 6. e5 Nc6 7.
Qa4 dxe5 8. Nxe5 Bd7 9. Nxd7 Qxd7 10. Be3 e5 11. Rd1 Qc8 12. g3 Bb4 13. Bg2 O-O 14.
O-O Bxc3 15. bxc3 b5 16. Qh4 Rb8 17. Bg5 Qe6 18. a4 Na5 19. Rfe1 Nc4 20. axb5 axb5 21. Bh3 Qb6 22. Bf5 h6 23. Bxh6 gxh6 24. Qxh6 Rfd8 25.
Rd3 e4 26. Rxe4 Rxd3 27. cxd3 Qd6 28. Rh4 1-0

[Event "Early-Titled-Tuesday-Blitz-February-06-2024"]
[Site "Chess.com"]
[Date "2024.02.06"]
[Round "1"]
[White "19912131712118"]
[Black "alexrustemov"]
[Result "0-1"]
[WhiteElo "2426"]
[BlackElo "2772"]
[TimeControl "180+1"]
[EndTime "8:06:05 PST"]
[Termination "alexrustemov won on time"]

1. e4 e6 2. d4 d5 3. Bd3 dxe4 4. Bxe4 Nf6 5. Bf3 Be7 6. Ne2 O-O 7. O-O Nbd7 8. Re1 e5 9. g3 c6 10. Bg2 Re8 11. Nd2 exd4 12. Nxd4 Nb6 13. N2f3 Bg4 14. h3 Bh5 15. c3 Bf8 16. Bg5 Rxe1+ 17. Qxe1 h6 18. Bxf6 Qxf6 19. Rd1 Rd8 20. g4 Bg6 21.
Ne2 Rxd1 22. Qxd1 Bd6 23. Qd4 Qxd4 24. Nexd4 Na4 25. b3 Nxc3 26. a4 a5 27. Nh4 Bb1 28. Nhf5 Bc5 29. Nf3 Ne2+ 30. Kf1 Nc1 0-1

[Event "Early-Titled-Tuesday-Blitz-February-06-2024"]
[Site "Chess.com"]
[Date "2024.02.06"]
[Round "1"]
[White "NFChess13"]
[Black "KanalSzachowy"]
[Result "1-0"]
[WhiteElo "2667"]
[BlackElo "2348"]
[TimeControl "180+1"]
[EndTime "8:06:06 PST"]
[Termination "NFChess13 won by resignation"]

1. Nf3 c5 2. g3 Nc6 3. Bg2 e5 4. O-O g6 5. c4 Bg7 6. Nc3 d6 7. d3 Nge7 8. Bg5 h6 9. Bxe7 Nxe7 10. Rb1 a5 11. a3 O-O 12. Ne1 Be6 13. Bxb7 Rb8 14. Bg2 d5 15. cxd5 Nxd5 16. Nxd5 Bxd5 17. Bxd5 Qxd5 18. Nc2 Rfd8 19. Ne3 Qe6 20. Qc2 Rb5 21.
Rfc1 Rdb8 22. Nc4 h5 23. a4 R5b6 24. Nxb6 Rxb6 25. Qxc5 Kh7 26. b4 e4 27. bxa5 Ra6 28. Rb6 Rxb6 29. axb6 Qg4 30. b7 Qxe2 31. b8=Q exd3 32.
Qe3 d2 33. Qxe2 dxc1=Q+ 34. Qf1 Qa3 35. Qa7 Qf3 36. a5 h4 37. a6 h3 38. Qb7 1-0

[Event "Early-Titled-Tuesday-Blitz-February-06-2024"]
[Site "Chess.com"]
[Date "2024.02.06"]
[Round "1"]
[White "mbchess97"]
[Black "DavidGavrilescu18"]
[Result "0-1"]
[WhiteElo "2429"]
[BlackElo "2772"]
[TimeControl "180+1"]
[EndTime "8:06:08 PST"]
[Termination "DavidGavrilescu18 won by resignation"]

1. c4 e6 2. g3 d5 3. Bg2 d4 4. Nf3 c5 5. O-O Nc6 6. e3 Nf6 7. exd4 cxd4 8. d3 h6 9. Qa4 Bd7 10. Re1 Bd6 11. a3 a5 12. Nbd2 O-O 13. Qd1 Re8 14.
Rb1 e5 15. Nh4 Rb8 16. Ne4 Nxe4 17. Bxe4 Qf6 18. Qh5 Ne7 19. b4 axb4 20. axb4 Bc6 21. c5 Bc7 22. b5 Bxe4 23. Rxe4 Nd5 24. Bd2 Qe6 25. Nf5 Nf6 26. Nxg7 Nxh5 27. Nxe6 Rxe6 28.
b6 Bd8 29. Rbe1 f6 30. f4 Be7 31. g4 Ng7 32. fxe5 Bxc5 33. Bxh6 fxe5 34. Rxe5 Rxh6 35.
Rxc5 Rxb6 36. Rc7 Rg6 37. h3 b5 38. Ree7 b4 39. Kf2 b3 40. h4 Rxg4 41. h5 b2 0-1

[Event "Early-Titled-Tuesday-Blitz-February-06-2024"]
[Site "Chess.com"]
[Date "2024.02.06"]
[Round "1"]
[White "BelaKis"]
[Black "Dinosaurio_1975"]
[Result "0-1"]
[WhiteElo "2237"]
[BlackElo "2591"]
[TimeControl "180+1"]
[EndTime "8:06:08 PST"]
[Termination "Dinosaurio_1975 won by resignation"]

1. d4 d5 2. c4 e6 3. Nc3 Nf6 4. Nf3 a6 5. a4 Bb4 6. e3 O-O 7. Bd3 c5 8. O-O cxd4 9. exd4 dxc4 10.
Bxc4 Nc6 11. Qd3 b6 12. Bg5 Bb7 13. Rad1 Na5 14. Ba2 Be7 15. Bb1 g6 16. Bh6 Re8 17. Ne5 Nc6 18. Qh3 Nd5 19. Ne4 Qc7 20. Rfe1 Nxe5 21.
dxe5 Qxe5 22. Bg5 Bxg5 0-1

[Event "Early-Titled-Tuesday-Blitz-February-06-2024"]
[Site "Chess.com"]
[Date "2024.02.06"]
[Round "1"]
[White "chess123456s"]
[Black "Njal28"]
[Result "1/2-1/2"]
[WhiteElo "2536"]
[BlackElo "3072"]
[TimeControl "180+1"]
[EndTime "8:06:10 PST"]
[Termination "Game drawn by agreement"]

1. e4 e5 2. Nf3 Nc6 3. Bb5 a6 4. Ba4 Nf6 5. d3 Bc5 6. Bxc6 dxc6 7. Nbd2 Nd7 8. Nc4 f6 9. Be3 O-O 10. Bxc5 Nxc5 11. O-O Bg4 12. Ne3 Bh5 13. Nf5 Ne6 14. Ng3 Bf7 15. Qd2 c5 16. a4 a5 17. b3 Qd7 18. Qe3 b6 19. h3 Rad8 20. Ne2 Rfe8 21. Nh2 Bh5 22. g4 Bf7 23. f4 exf4 24. Nxf4 Qd4 25.
Qxd4 Nxd4 26. Rf2 Rd6 27. Nf3 Nc6 28. Raf1 Be6 29. Nxe6 Rdxe6 30. Kh2 h6 31. h4 Nd4 32. Kg3 Nxf3 33. Rxf3 Re5 34. Rf5 Kf7 35. Rxe5 Rxe5 36. Kf4 Ke6 37. Rg1 c6 38. Rg2 Kd6 39. g5 fxg5+ 40.
hxg5 h5 41. g6 h4 1/2-1/2

[Event "Early-Titled-Tuesday-Blitz-February-06-2024"]
[Site "Chess.com"]
[Date "2024.02.06"]
[Round "1"]
[White "yaguigor"]
[Black "Jojo_898"]
[Result "0-1"]
[WhiteElo "2767"]
[BlackElo "2452"]
[TimeControl "180+1"]
[EndTime "8:06:10 PST"]
[Termination "Jojo_898 won by checkmate"]

1. Nf3 Nf6 2. c4 b6 3. Nc3 Bb7 4. Qc2 c5 5. e4 d6 6. d4 cxd4 7. Nxd4 g6 8. f3 Bg7 9. Be3 O-O 10. Rc1 Nc6 11. Qd2 Rc8 12. Be2 Nh5 13. Nxc6 Bxc6 14. O-O Qd7 15. Rfd1 Rfd8 16. Nd5 e6 17. Nc3 Nf6 18.
Bg5 Qc7 19. Nd5 exd5 20. cxd5 Qb7 21. dxc6 Rxc6 22. Qd4 Rxc1 23. Rxc1 Qe7 24. Ba6 h6 25. Bd2 Nd7 26. Qb4 Nc5 27. Bc4 Bd4+ 28. Kh1 Be5 29. Be1 Qg5 30. Rd1 Qh5 31. g4 Qxh2# 0-1

[Event "Early-Titled-Tuesday-Blitz-February-06-2024"]
[Site "Chess.com"]
[Date "2024.02.06"]
[Round "1"]
[White "TangerineandLemon25"]
[Black "Akylbek2021"]
[Result "1-0"]
[WhiteElo "2611"]
[BlackElo "2272"]
[TimeControl "180+1"]
[EndTime "8:06:11 PST"]
[Termination "TangerineandLemon25 won by checkmate"]

1. b3 Nf6 2. Bb2 g6 3. g3 Bg7 4. Bg2 O-O 5. c4 c5 6. Nc3 Nc6 7. e3 e6 8. Nge2 b6 9. O-O Bb7 10. d4 cxd4 11. Nxd4 Rc8 12. Ndb5 d5 13. Ba3 Ne7 14.
Nxa7 Ra8 15. Nab5 Qd7 16. e4 Rfc8 17. e5 Ne8 18. Qe2 dxc4 19. Rfd1 Nd5 20. bxc4 Nxc3 21.
Nxc3 Qc7 22. Nb5 Qb8 23. Rd7 Bxg2 24. Kxg2 Qxe5 25. Qxe5 Bxe5 26. Rc1 Ra4 27. Re1 Bg7 28. Red1 Bf6 29. Rb7 Rcxc4 30. Rb8 Kg7 31. Rxe8 Rc2 32.
Bf8+ Kg8 33. Bh6# 1-0

[Event "Early-Titled-Tuesday-Blitz-February-06-2024"]
[Site "Chess.com"]
[Date "2024.02.06"]
[Round "1"]
[White "TV27"]
[Black "Nf3c5"]
[Result "0-1"]
[WhiteElo "2132"]
[BlackElo "2561"]
[TimeControl "180+1"]
[EndTime "8:06:12 PST"]
[Termination "Nf3c5 won by resignation"]

1. Nf3 d5 2. d4 Nf6 3. g3 c5 4.
Bg2 cxd4 5. Nxd4 e5 6. Nb3 h6 7. O-O Nc6 8. Na3 Bg4 9. h3 Be6 10. f4 Qd7 11. Kh2 Bd6 12. Nb5 Bb8 13. Nc5 Qe7 14.
Nxe6 fxe6 15. f5 O-O 16. b3 Rd8 17. Ba3 Qe8 18. Qd3 a6 19. Nc3 e4 20. Qd2 Nh5 21.
Rf4 e3 22. Qxe3 Nxf4 23. gxf4 d4 24. Qxe6+ Qxe6 25. fxe6 Bxf4+ 26. Kh1 dxc3 27. Bxc6 bxc6 28. Rf1 Bd6 29. Bc1 Re8 30. Bf4 Bxf4 31. Rxf4 Rxe6 32. e4 Rae8 33. Kg2 Rxe4 34. Rf3 Re2+ 35. Kg3 Rxc2 36. Rd3 Rc1 0-1